 Dungeon Crawl Stone Soup version 0.30.1-9-gdf580d7c3d (webtiles) character file.

Game seed: 1779088158433290722

172 Wiggles the Chopper (level 5, -2/47 HPs)
             Began as a Minotaur Berserker on Oct 2, 2023.
             Was a Follower of Trog.
             Slain by an orc wizard
             ... wielding a +2 dagger of speed
              (6 damage)
             ... on level 2 of the Dungeon.
             The game lasted 00:02:29 (1494 turns).

Wiggles the Chopper (Minotaur Berserker)            Turns: 1494, Time: 00:02:30

Health: -2/47      AC:  6    Str: 23    XL:     5   Next: 27%
Magic:  4/4        EV: 11    Int:  4    God:    Trog [*.....]
Gold:   159        SH:  0    Dex: 10    Spells: 4/4 levels left

rFire   . . .        a - +0 hand axe
rCold   . . .        (no shield)
rNeg    . . .        i - +0 ring mail
rPois   .            (helmet restricted)
rElec   .            (no cloak)
rCorr   +            p - +0 pair of gloves
SInv    .            (no boots)
Will    .....        (no amulet) Stlth
                     h - ring of resist corrosion
HPRegen 0.27/turn    (no ring)
MPRegen 0.09/turn

%: no passive effects
@: no status effects
A: horns 2, retaliatory headbutt
a: Renounce Religion, Berserk


You were on level 2 of the Dungeon.
You worshipped Trog.
Trog was aware of your devotion.
You visited 1 branch of the dungeon, and saw 2 of its levels.

You collected 159 gold pieces.

Inventory:

Hand Weapons
 a - a +0 hand axe (weapon)
Armour
 i - a +0 ring mail (worn)
 p - a +0 pair of gloves (worn)
Jewellery
 h - a ring of resist corrosion (left hand)
Wands
 o - a wand of roots (5)
Scrolls
 b - a scroll of fear {unknown}
 d - a scroll of immolation {unknown}
 e - 2 scrolls of identify {unknown}
 j - a scroll of blinking {unknown}
 k - a scroll of teleportation {unknown}
 l - a scroll of enchant weapon {unknown}
 n - a scroll of noise {unknown}
 q - a scroll of magic mapping {unknown}
Potions
 c - a potion of berserk rage {unknown}
 f - a potion of attraction {unknown}
 g - 2 potions of curing {unknown}
 m - a potion of might {unknown}
 r - a potion of mutation {unknown}


   Skills:
 + Level 4.7 Fighting
 + Level 5.4 Axes
 + Level 3.6 Armour
 + Level 2.9 Dodging
 + Level 0.1 Stealth


You had 4 spell levels left.
You didn't know any spells.
Your spell library was empty.

Dungeon Overview and Level Annotations

Branches:
Dungeon (2/15)

Altars:


Innate Abilities, Weirdness & Mutations

You have a pair of horns on your head.
You reflexively headbutt those who attack you in melee.


Message History

The orc wizard misses you. The orc wizard barely misses you.
The orc hits you with a +0 flail.
You see here 15 gold pieces.
You hit the orc wizard.
The orc wizard is almost dead.
You hit the orc but do no damage.
The orc wizard hits you with a +2 dagger of speed.
The orc hits you with a +0 flail.
The orc wizard points at you and mumbles some strange words.
You are confused.
The orc hits you with a +0 flail. The orc wizard barely misses you.
You bump into the rock wall.
The orc wizard closely misses you. The orc hits you but does no damage.
The orc wizard hits you with a +2 dagger of speed.
The orc closely misses you.
You see here 15 gold pieces.
You bump into the rock wall.
The orc wizard gestures wildly while chanting.
The orc wizard flickers and vanishes!
Deactivating autopickup; reactivate with Ctrl-A.
The orc closely misses you.
You hear a shout! x2
You bump into the rock wall.
You feel less confused.
You hear some strange, mumbled words.
A magic dart appears from out of thin air!
The magic dart hits you! The orc hits you but does no damage.
You miss something. Your headbutt misses something.
You hit the orc but do no damage.
You hear some strange, mumbled words.
A magic dart appears from out of thin air!
The magic dart hits you.
* * * LOW HITPOINT WARNING * * *
The orc hits you with a +0 flail!
* * * LOW HITPOINT WARNING * * *
You closely miss something. Your headbutt misses something.
You barely miss the orc. Something hits you.
* * * LOW HITPOINT WARNING * * *
Something hits you.
You die...

#.......##...#.>.#.#
#.......##.........#
############.#######
#.# #########
#.#######
#.......#####........
.........#.........
#{##.##.#..###..#.
#@.........# ...
#o##.##.#..# #.
......##.#.....
###.......#.......
############.### .#
.. ##


You could see an orc.

Vanquished Creatures
  Jessica (D:2)
  Terence (D:2)
  3 gnolls (D:2)
  4 adders (D:2)
  5 worms
  A dart slug (D:1)
  4 bats
  4 endoplasms (D:1)
  2 giant cockroaches
  A hobgoblin (D:1)
  A jackal (D:1)
  A kobold (D:2)
  A quokka (D:1)
  5 ball pythons
  4 frilled lizards
  3 goblins (D:1)
  5 rats
46 creatures vanquished.

Notes
Turn   | Place    | Note
-------+----------+-------------------------------------------
     0 | D:1      | Wiggles the Minotaur Berserker began the quest for the Orb.
     0 | D:1      | Reached XP level 1. HP: 19/19 MP: 0/0
     2 | D:1      | Found a runed translucent door.
   129 | D:1      | Reached skill level 4 in Axes
   151 | D:1      | Reached XP level 2. HP: 26/27 MP: 1/1
   770 | D:1      | Reached XP level 3. HP: 33/33 MP: 2/2
   787 | D:2      | Found a faded altar of an unknown god.
  1066 | D:2      | Reached XP level 4. HP: 29/41 MP: 3/3
  1125 | D:2      | Reached skill level 5 in Axes
  1178 | D:2      | Noticed Jessica
  1185 | D:2      | Killed Jessica
  1338 | D:2      | Noticed Terence
  1347 | D:2      | Killed Terence
  1348 | D:2      | Reached XP level 5. HP: 44/47 MP: 4/4
  1494 | D:2      | Slain by an orc wizard

Illustrated notes

Levels and vault maps discovered:
D:1:      dpeg_arrival_caged_fury, layout_loops_ring, minivault_5
D:2:      layout_loops_cross, ebering_ecumenical_altar_box, uniq_jessica,
          uniq_natasha, uniq_terence

Skill      XL: |  1  2  3  4 |
---------------+-------------+-----
Axes           | 4 5 |  5.4
Fighting       | 4 |  4.7
Armour         | 3 |  3.6
Dodging        | |  2.9
Stealth        | |  0.1

Action                     |  1- 3 |  4- 6 || total
---------------------------+-------+-------++-------
  Melee: Hand axe          |    87 |    44 ||   131
         Headbutt          |    10 |     7 ||    17
 Invoke: Berserk           |     2 |     2 ||     4
 Armour: Animal skin       |    17 |       ||    17
         Ring mail         |    13 |    15 ||    28
  Dodge: Dodged            |    58 |    26 ||    84
